 Dungeon Sprint DCSS version 0.30-a0-847-g17996783a1 (webtiles) character file.

Game seed: 8596232028078487562

3800000 BigDaddyOpFi the Acrobat (level 19, -84/158 HPs)
             Began as a Djinni Warper on Mar 3, 2023.
             Was the Champion of Makhleb.
             Annihilated by The Servant
             ... wielding a +9 glaive of flaming
              (118 damage)
             ... in the Dungeon (Sprint VIII: "Arena of Blood").
             The game lasted 00:00:50 (38 turns).

BigDaddyOpFi the Acrobat (Djinni Warper)              Turns: 38, Time: 00:00:50

Health: -84/158    AC:  5    Str: 10    XL:     19   Next: 24%
Gold:   0          EV: 29    Int: 15    God:    Makhleb [******] SH:  0 Dex: 21

rFire   + + .      SeeInvis .    h - +∞ Axe of Woe
rCold   x . .      Faith    .    (shield currently unavailable)
rNeg    . . .      Spirit   .    a - +0 leather armour
rPois   ∞          Reflect  .    (no helmet)
rElec   .          Rampage  .    (no cloak)
rCorr   .          NoTele   +    (no gloves)
Will    +....                    (boots unavailable)
Stlth   +++++++                  (no amulet)
HPRegen 0.46/turn                (no ring)
MPRegen 0.00/turn                (no ring)

@: death channelling, flying
A: sickness immunity, fire resistance 2, cold vulnerability 1, float, innate
caster, HP casting, extra vitality 1
a: Renounce Religion, Minor Destruction, Lesser Servant of Makhleb, Major
Destruction, Greater Servant of Makhleb


You were in the Dungeon.
You worshipped Makhleb.
Makhleb was exalted by your worship.
You visited 1 branch

Inventory:

Hand Weapons
 h - the +∞ Axe of Woe (weapon)
   (You found it in the Dungeon)
Missiles
 c - 7 boomerangs of dispersal (quivered)
Armour
 a - a +0 leather armour (worn)
Scrolls
 b - 2 scrolls of blinking
Potions
 d - a potion of curing
 e - a potion of heal wounds
 f - a potion of haste
 g - a potion of berserk rage


   Skills:
 + Level 21.0 Fighting
 + Level 17.9 Axes
 + Level 17.9 Throwing
 + Level 20.9 Armour
 + Level 22.6 Dodging
 + Level 19.3 Stealth
 + Level 21.0 Unarmed Combat
 + Level 16.7 Spellcasting
 + Level 20.9 Invocations


You knew the following spells:

 Your Spells              Type           Power      Damage    Failure   Level
a - Blink                 Tloc           100%       N/A       0%          2
b - Lesser Beckoning      Tloc           100%       N/A       0%          2
c - Vhi's Electric Charg  Tloc/Air       100%       N/A       1%          3
d - Teleport Other        Tloc           58%        N/A       1%          3
e - Manifold Assault      Tloc           58%        N/A       1%          4
f - Necrotise             Necr           100%       1d9       0%          1
g - Ensorcelled Hibernat  Hex/Ice        100%       N/A       0%          2
h - Ozocubu's Armour      Ice            58%        N/A       1%          3
i - Ice Form              Ice/Tmut       58%        N/A       1%          4
j - Irradiate             Conj/Tmut      29%        3d21      1%          5
k - Silence               Hex/Air        29%        N/A       1%          5
l - Death Channel         Necr           29%        N/A       1%          6
m - Dragon Form           Tmut           29%        N/A       4%          7
n - Orb of Destruction    Conj           29%        9d9       4%          7
Your spell library was empty.

Dungeon Overview and Level Annotations

Branches:
Dungeon (1/1)

Altars:
Makhleb

Annotations:
D The Servant


Innate Abilities, Weirdness & Mutations

You are immune to sickness and miasma.
You are immune to poison.
Your flesh is very heat resistant. (rF++)
You are vulnerable to cold. (rC-)
You float through the air rather than walking.
You learn spells naturally, not from books.
Your magical power is your life essence.
You have superior vitality. (+4 MHP)


Message History

The bag of meat hits your spectral nine-headed meat hydra with a +9 war axe!!
Your spectral bag of meat hits the bag of meat.
Your spectral bag of meat barely misses the bag of meat.
Your spectral bag of meat hits the bag of meat.
Your spectral meat berserker hits the meat berserker.
Your spectral nine-headed meat hydra bites the meat berserker!
Your spectral nine-headed meat hydra bites the meat berserker.
Your spectral nine-headed meat hydra drains the meat berserker.
Your spectral nine-headed meat hydra bites the meat berserker!
Your spectral nine-headed meat hydra drains the meat berserker.
Your spectral nine-headed meat hydra barely misses the meat berserker.
Your spectral nine-headed meat hydra bites the meat berserker.
Your spectral nine-headed meat hydra bites the meat berserker! x2
Your spectral nine-headed meat hydra drains the meat berserker.
Your spectral nine-headed meat hydra bites the meat berserker! x2
Your spectral bag of meat hits the bag of meat.
Unknown command.
Press < or > to pray at altars.
You slice the meat berserker!!
You cleave the meat berserker in twain.
You blow up the meat berserker!
Makhleb accepts your kill.
A glowing mist starts to gather...
You hear a shout! x3
The meat berserker hits your spectral nine-headed meat hydra with a +9 battleaxe!!!
Your spectral nine-headed meat hydra is destroyed!
The meat berserker hits your spectral meat berserker with a +9 battleaxe!!!
Your spectral meat berserker is destroyed!
The meat berserker hits your spectral bag of meat with a +9 battleaxe!!!
You hear a shout!
The bag of meat hits your spectral bag of meat with a +9 war axe!!! x2
Your spectral bag of meat is destroyed!
The bag of meat hits your spectral bag of meat with a +9 war axe!! x2
Your spectral bag of meat is destroyed!
The eight-headed meat hydra calls on the powers of darkness!
The eight-headed meat hydra convulses!
The meat berserker convulses!
Your body is wracked with pain!
* * * LOW HITPOINT WARNING * * *
The Servant hits you from afar with a +9 glaive of flaming!!!!
Ouch! That really hurt!
You die...

.. ..... #.
..o# #.. .oz# .
.###.. oO.###..
......###OV....
......zZoo..
#..@.)# #ZoO)@#
#..)))#
......_.zO..
......###V.Z...
.###.. ...###..
#.. ...# O #.
...# .. D....


You could see The Servant, an eight-headed meat hydra, 2 destroyers, 3 sculptors
of flesh, 4 meat berserkers, 6 bags of meat, 2 friendly spectral bags of meat
and a friendly spectral meat berserker.

Vanquished Creatures
  2 vampire knights (D)
  11 ogres (D)
  A hydra (D)
  12 orcs (D)
  A skeletal warrior (D)
27 creatures vanquished.

Vanquished Creatures (collateral kills)
  An orc (D)
1 creature vanquished.

Grand Total: 28 creatures vanquished

Notes
Turn   | Place    | Note
-------+----------+-------------------------------------------
     0 | D        | Found the +∞ Axe of Woe
     0 | D        | BigDaddyOpFi the Djinni Warper began the quest for the Orb.
     0 | D        | BigDaddyOpFi set off with the following spells memorised:
                  | Blink, Lesser Beckoning, Vhi's Electric Charge, Teleport
                  | Other, Manifold Assault.
     0 | D        | Reached XP level 1. HP: 18/18 MP: 0/0
     2 | D        | Noticed a bag of meat
     3 | D        | Noticed a bag of meat
     3 | D        | Noticed a bag of meat
     4 | D        | Became a worshipper of Makhleb the Destroyer
     5 | D        | Noticed a meat berserker
     5 | D        | Noticed a meat berserker
     9 | D        | Killed a bag of meat
    10 | D        | Reached skill level 10 in Dodging
    10 | D        | Reached XP level 2. HP: 34/34 MP: 0/0
    10 | D        | Reached XP level 3. HP: 39/39 MP: 0/0
    10 | D        | Learned a level 1 spell: Necrotise
    10 | D        | Reached XP level 4. HP: 45/45 MP: 0/0
    10 | D        | Reached XP level 5. HP: 50/50 MP: 0/0
    10 | D        | Learned a level 2 spell: Ensorcelled Hibernation
    10 | D        | Reached XP level 6. HP: 56/56 MP: 0/0
    10 | D        | Reached XP level 7. HP: 61/61 MP: 0/0
    10 | D        | Learned a level 3 spell: Ozocubu's Armour
    10 | D        | Reached XP level 8. HP: 67/67 MP: 0/0
    10 | D        | Reached XP level 9. HP: 72/72 MP: 0/0
    10 | D        | Learned a level 4 spell: Ice Form
    10 | D        | Reached XP level 10. HP: 78/78 MP: 0/0
    10 | D        | Reached XP level 11. HP: 84/84 MP: 0/0
    10 | D        | Learned a level 5 spell: Irradiate
    10 | D        | Killed a meat berserker
    10 | D        | Reached * piety under Makhleb
    10 | D        | Killed a meat berserker
    10 | D        | Noticed a bag of meat
    10 | D        | Noticed a bag of meat
    10 | D        | Noticed a bag of meat
    11 | D        | Reached skill level 10 in Axes
    11 | D        | Reached skill level 10 in Throwing
    11 | D        | Reached skill level 13 in Dodging
    11 | D        | Reached skill level 10 in Spellcasting
    11 | D        | Reached XP level 12. HP: 96/96 MP: 0/0
    11 | D        | Reached XP level 13. HP: 102/102 MP: 0/0
    11 | D        | Learned a level 5 spell: Silence
    11 | D        | Reached XP level 14. HP: 108/108 MP: 0/0
    11 | D        | Killed a bag of meat
    11 | D        | Killed a bag of meat
    11 | D        | Reached ** piety under Makhleb
    12 | D        | Reached skill level 15 in Dodging
    13 | D        | Noticed a meat berserker
    13 | D        | Killed a bag of meat
    14 | D        | Reached XP level 15. HP: 87/117 MP: 0/0
    14 | D        | Learned a level 6 spell: Death Channel
    14 | D        | Killed a meat berserker
    14 | D        | Reached *** piety under Makhleb
    15 | D        | Reached skill level 15 in Fighting
    15 | D        | Reached skill level 15 in Armour
    15 | D        | Reached skill level 16 in Dodging
    15 | D        | Reached skill level 15 in Unarmed Combat
    15 | D        | Reached skill level 15 in Invocations
    17 | D        | Reached skill level 17 in Dodging
    17 | D        | Reached XP level 16. HP: 103/128 MP: 0/0
    19 | D        | Noticed a meat berserker
    19 | D        | Noticed a destroyer
    20 | D        | Reached skill level 18 in Dodging
    20 | D        | Reached skill level 15 in Stealth
    20 | D        | Noticed a destroyer
    20 | D        | Killed a destroyer
    20 | D        | Reached **** piety under Makhleb
    21 | D        | Reached XP level 17. HP: 137/137 MP: 0/0
    21 | D        | Learned a level 7 spell: Dragon Form
    21 | D        | Noticed a meat berserker
    23 | D        | Killed a destroyer
    23 | D        | Killed a meat berserker
    23 | D        | Noticed a destroyer
    24 | D        | Reached skill level 20 in Dodging
    24 | D        | Reached skill level 15 in Spellcasting
    24 | D        | Reached XP level 18. HP: 87/147 MP: 0/0
    24 | D        | Killed a meat berserker
    24 | D        | Reached ***** piety under Makhleb
    25 | D        | Reached skill level 21 in Dodging
    25 | D        | Noticed a meat berserker
    25 | D        | Noticed a meat berserker
    25 | D        | Noticed an eight-headed meat hydra
    26 | D        | Noticed an eight-headed meat hydra
    27 | D        | Noticed a meat berserker
    27 | D        | Killed a meat berserker
    28 | D        | Noticed a meat berserker
    28 | D        | Noticed a meat berserker
    29 | D        | Noticed a sculptor of flesh
    29 | D        | Noticed a sculptor of flesh
    30 | D        | Killed a meat berserker
    30 | D        | Noticed The Servant
    30 | D        | Noticed a sculptor of flesh
    31 | D        | Reached skill level 22 in Dodging
    31 | D        | Killed a meat berserker
    31 | D        | Reached ****** piety under Makhleb
    31 | D        | Noticed a meat berserker
    32 | D        | Killed a meat berserker
    33 | D        | Reached XP level 19. HP: 69/157 MP: 0/0
    33 | D        | Learned a level 7 spell: Orb of Destruction
    33 | D        | Killed a meat berserker
    33 | D        | Noticed a meat berserker
    34 | D        | Noticed a sculptor of flesh
    34 | D        | Noticed a meat berserker
    35 | D        | Noticed a meat berserker
    35 | D        | Killed a sculptor of flesh
    35 | D        | Noticed a destroyer
    36 | D        | Noticed a meat berserker
    36 | D        | Killed a nine-headed meat hydra
    38 | D        | Killed a meat berserker
    38 | D        | Annihilated by The Servant

Illustrated notes

Levels and vault maps discovered:
D:        meatsprint

Skill      XL: |  1  2  3  4  5  6  7  8  9 10 11 12 13 14 15 16 17 18 19 |
---------------+----------------------------------------------------------+-----
Fighting       | 9 12 14 15 17 18 20 21 | 21.0
Axes           | 7 10 12 13 14 16 17 | 17.9
Throwing       | 7 10 12 13 14 16 17 | 17.9
Armour         | 8 12 14 15 17 18 20 | 20.9
Dodging        | 10 13 15 17 18 20 22 | 22.6
Stealth        | 8 11 13 14 16 17 19 | 19.3
Unarmed Combat | 9 12 14 15 17 18 20 21 | 21.0
Spellcasting   | 7 10 11 12 13 15 16 | 16.7
Invocations    | 8 12 14 15 17 18 20 | 20.9

Action                     |  1- 3 |  4- 6 |  7- 9 | 10-12 | 13-15 | 16-18 | 19-21 || total
---------------------------+-------+-------+-------+-------+-------+-------+-------++-------
  Melee: Executioner's axe |     1 |       |       |     1 |     4 |    11 |     4 ||    21
   Cast: Death Channel     |       |       |       |       |       |     1 |       ||     1

Table legend: (Time is in decaauts)
 A = Elapsed time spent in this place.
 B = Non-inter-level travel time spent in this place.
 C = Inter-level travel time spent in this place.
 D = Time resting spent in this place.
 E = Time spent auto-exploring this place.
 F = Levels seen in this place.
 G = Mean time per level.
                   A        B        C        D        E       F      G
               +--------+--------+--------+--------+--------+-----+--------+
         Total |     41 |     41 |      0 |      0 |      0 |   1 |   41.0 |
       Dungeon |     41 |     41 |      0 |      0 |      0 |   1 |   41.0 |
               +--------+--------+--------+--------+--------+-----+--------+

Top non-repeatable levels by time:
       D: 41 daAuts
